 Dungeon Crawl Stone Soup version 0.18-a0-1774-gce1f7b6 (webtiles) character file.

1567 epen the Slasher (level 8, -2/103 HPs)
             Began as a Naga Gladiator on Apr 15, 2016.
             Slain by an orc warrior
             ... wielding a +0 war axe
              (5 damage)
             ... on level 6 of the Dungeon.
             The game lasted 00:21:50 (7666 turns).

epen the Slasher (Naga Gladiator)                   Turns: 7666, Time: 00:21:50

Health: -2/103     AC:  9    Str: 25    XL:     8   Next: 90%
Magic:  8/8        EV: 11    Int: 11    God:
Gold:   239        SH:  0    Dex: 12    Spells: 0 memorised, 7 levels left

rFire  . . .     SeeInvis +     s - +2 morningstar (holy)
rCold  . . .     Gourm    .     y - +0 ring mail (curse)
rNeg   . . .     Faith    .     (no shield)
rPois  +         Spirit   .     c - +1 helmet
rElec  .         Dismiss  .     (no cloak)
rCorr  .         Reflect  .     D - +1 pair of gloves {archery}
SustAt .         Harm     .     (no barding)
MR     +....                    H - amulet of rage
Stlth  ..........               (no ring)
                                i - +3 ring of intelligence

@: berserking, quick, somewhat resistant to hostile enchantments, extremely
unstealthy
A: see invisible, deformed body, poison resistance, slowness 2, slow metabolism
1, spit poison 2, AC +2
a: Spit Poison, Evoke Berserk Rage


You were on level 6 of the Dungeon.
You were hungry.

You visited 1 branch of the dungeon, and saw 6 of its levels.

You collected 239 gold pieces.

Inventory:

Hand Weapons
 a - a +0 long sword
 s - a +2 morningstar of holy wrath (weapon)
Missiles
 d - 4 throwing nets (quivered)
Armour
 b - a +0 leather armour
 c - a +1 helmet (worn)
 e - a +0 ring mail
 q - a +0 chain mail
 y - a cursed +0 ring mail (worn)
 D - a +1 pair of gloves of archery (worn)
 E - a +0 plate armour
Jewellery
 i - a +3 ring of intelligence (left hand)
 H - an amulet of rage (around neck)
Wands
 p - a wand of disintegration (6/24)
 w - a wand of random effects (40/48)
 C - a wand of paralysis (13/24)
Scrolls
 m - 3 scrolls of identify
 n - a scroll of random uselessness
 o - a scroll of fear
 r - a scroll of teleportation
 A - 2 scrolls of recharging
 F - a scroll of remove curse
Potions
 j - a potion of cancellation {unknown}
 k - 3 potions of curing
 l - a potion of flight
 x - a potion of brilliance
 B - a potion of invisibility
Books
 u - the Reference Book on the Evil Snowflakes
   (You found it on level 4 of the Dungeon)

   Spells                             Type                      Level
   a - Pain                           Necromancy                   1
   b - Ice Form                       Ice/Transmutation            4
   c - Animate Dead                   Necromancy                   4
   d - Metabolic Englaciation         Hexes/Ice                    5
   e - Bolt of Cold                   Conjuration/Ice              6
Comestibles
 f - 7 bread rations
 g - a royal jelly
 h - 2 slices of pizza
 t - 4 fruits
 v - a meat ration
 z - 2 beef jerkies


   Skills:
 + Level 3.5 Fighting
 * Level 7.3 Long Blades
 - Level 1.7 Throwing
 + Level 2.5 Armour
 * Level 5.9 Dodging
 - Level 5.0 Stealth


You had 7 spell levels left.
You didn't know any spells.

Dungeon Overview and Level Annotations

Branches:
Dungeon (6/15)
 Temple: D:4-7

Altars:
Cheibriados
Dithmenos
Fedhas
Gozag

Shops:
D:5 [


Innate Abilities, Weirdness & Mutations

You cannot wear boots.
Your serpentine skin is tough (AC +2).
You have supernaturally acute eyesight.
Armour fits poorly on your strangely shaped body.
Your system is resistant to poisons.
You cover ground very slowly.
You have a slow metabolism.
You can spit poison.


Message History

You fail to use your ability.
The scorpion stings you but does no damage.
The orc warrior barely misses you.
You fail to use your ability.
The scorpion stings you.
* * * LOW HITPOINT WARNING * * *
You fail to use your ability.
The orc warrior hits you with a war axe.
* * * LOW HITPOINT WARNING * * *
The scorpion barely misses you.
A red film seems to cover your vision as you go berserk!
You feel yourself moving faster!
You feel mighty!
The orc warrior hits you with a war axe!
* * * LOW HITPOINT WARNING * * *
The scorpion closely misses you.
You are too injured to fight recklessly!
You are too injured to fight recklessly!
Your ring mail prevents you from hitting the orc warrior.
The orc warrior is almost dead.
The orc warrior hits you with a war axe.
You die...

#.......#...#.......#
##.....##.(.##.....##
##...###...###...##
##### #...# #####
##.$.# #...###...##
##.....##...##.....##
#.......#...#.......#
#..!...os...'..)....#
#......@#...#.......#
##.....##...##.....##
##...# #....##...##
#### ####..##### #...
####


You could see an orc warrior and a scorpion.

Vanquished Creatures
  A sky beast (D:5)
  3 ogres
  2 centaurs (D:5)
  A giant frog (D:6)
  2 scorpions (D:5)
  5 wights (D:6)
  A howler monkey (D:6)
  2 crimson imps
  2 hounds (D:5)
  4 orc wizards
  2 orc priests
  2 worker ants
  Natasha (D:3)
  A mummy (D:6)
  4 gnolls (D:5)
  11 adders
  3 oozes
  2 adder zombies
  2 worms (D:2)
  A dart slug (D:3)
  3 giant geckos
  10 orcs
  5 giant cockroaches
  12 hobgoblins
  13 jackals
  4 kobolds
  5 quokkas
  2 ball pythons
  8 bats
  5 giant newts
  3 goblins
  A quokka skeleton (D:4)
  8 rats
131 creatures vanquished.

Notes
Turn   | Place    | Note
--------------------------------------------------------------
     0 | D:1      | epen the Naga Gladiator began the quest for the Orb.
     0 | D:1      | Reached XP level 1. HP: 19/19 MP: 1/1
    13 | D:1      | Noticed an ogre
   108 | D:1      | Reached skill level 1 in Stealth
   108 | D:1      | Reached XP level 2. HP: 11/26 MP: 2/2
   712 | D:1      | Reached XP level 3. HP: 29/32 MP: 3/3
  1558 | D:2      | Reached XP level 4. HP: 36/39 MP: 4/4
  2067 | D:2      | Reached skill level 4 in Long Blades
  2106 | D:2      | Found a shadowy altar of Dithmenos.
  2310 | D:3      | Reached XP level 5. HP: 24/45 MP: 5/5
  2716 | D:3      | Noticed Natasha
  2745 | D:3      | HP: 1/45 [Natasha (7)]
  2748 | D:3      | Killed Natasha
  3293 | D:3      | Found a snail-covered altar of Cheibriados.
  3295 | D:3      | Found a blossoming altar of Fedhas.
  3572 | D:4      | Reached XP level 6. HP: 37/52 MP: 6/6
  3745 | D:4      | Identified the Reference Book on the Evil Snowflakes
  4068 | D:4      | Reached skill level 5 in Long Blades
  4519 | D:5      | Entered Level 5 of the Dungeon
  4521 | D:5      | Noticed a sky beast
  4530 | D:5      | Killed a sky beast
  4530 | D:5      | Reached XP level 7. HP: 53/60 MP: 7/7
  4634 | D:5      | Reached skill level 5 in Stealth
  5052 | D:5      | Reached skill level 1 in Armour
  5583 | D:5      | Reached skill level 6 in Long Blades
  5583 | D:5      | Reached skill level 5 in Dodging
  5586 | D:5      | Reached XP level 8. HP: 9/68 MP: 8/8
  6239 | D:5      | Found Meungue's Armour Shop.
  6640 | D:6      | Found an opulent altar of Gozag.
  7138 | D:6      | Reached skill level 7 in Long Blades
  7665 | D:6      | HP: 2/103 [orc warrior/war axe (14)]
  7666 | D:6      | Slain by an orc warrior

Vault maps used:
D:1:      evilmike_arrival_come_back, minmay_misc_feat_roman
D:2:      serial_bayou_pond_e, lemuel_statue_altar
D:3:      nicolae_overflow_hidden_temple, first_bread, uniq_natasha
D:5:      serial_shops, nicolae_shop_waterfront
D:6:      kennysheep_six_static_rooms, nicolae_ru_the_path_less_chosen,
          nicolae_gozag_cash_rules_everything_around_me,
          gup_ossuary_entry_pyramid

Skill      XL: |  1  2  3  4  5  6  7  8 |
---------------+-------------------------+-----
Stealth        | 1 2 3 4 5 |  5.0
Dodging        | 3 4 5 |  5.9
Long Blades    | 4 5 6 7 |  7.3
Armour         | 1 2 |  2.5
Fighting       | 3 |  3.5
Throwing       | |  1.7

Action                   |  1- 3 |  4- 6 |  7- 9 || total
-------------------------+-------+-------+-------++-------
Melee: Long sword        |   117 |    67 |       ||   184
       Morningstar       |       |   113 |   225 ||   338
 Abil: Spit Poison       |     2 |    10 |    11 ||    23
       Evoke Berserk Rag |       |       |     1 ||     1
  Use: Scroll            |       |    11 |     5 ||    16
       Potion            |       |     1 |     4 ||     5
 Stab: Sleeping          |       |     2 |     1 ||     3
       Distracted        |       |     1 |     1 ||     2
  Eat: Chunk             |     1 |     9 |     8 ||    18
Armor: Leather armour    |     1 |       |       ||     1
       Ring mail         |    66 |    68 |   139 ||   273
Dodge: Dodged            |    83 |   123 |   185 ||   391
